 Dungeon Crawl Stone Soup version 0.29.0-4-gdea44cf6ec (webtiles) character file.

Game seed: 8902722715691592444

46 qw the Sneak (level 3, -1/23 HPs)
             Began as a Gargoyle Delver on Sept 10, 2022.
             Slain by a gnoll
             ... wielding a +0 whip
              (4 damage)
             ... on level 4 of the Dungeon.
             The game lasted 00:00:07 (236 turns).

qw the Sneak (Gargoyle Delver)                       Turns: 236, Time: 00:00:08

Health: -1/23      AC:  6    Str: 17    XL:     3   Next: 68%
Magic:  3/3        EV: 11    Int: 10    God:
Gold:   8          SH:  0    Dex: 11    Spells: 2/2 levels left

rFire   . . .      SeeInvis .   Y - +0 hand axe
rCold   . . .      Faith    .   (no shield)
rNeg    + . .      Spirit   .   b - +0 leather armour
rPois   inf        Reflect  .   (no helmet)
rElec   +          Harm     .   (no cloak)
rCorr   .          Rampage  .   (no gloves)
Will    .....                   (no boots)
Stlth   +++.......              (no amulet)
HPRegen 0.07/turn               (no ring)
MPRegen 0.08/turn               (no ring)

@: no status effects
A: sickness immunity, AC +3, negative energy resistance 1, electricity
resistance, torment resistance 1, petrification resistance
a: no special abilities


You were on level 4 of the Dungeon.
You visited 1 branch of the dungeon, and saw 2 of its levels.

You collected 8 gold pieces.


Innate Abilities, Weirdness & Mutations

You are immune to sickness and miasma.
Your stone body is resilient. (AC +3)
You are immune to poison.
You resist negative energy. (rN+)
You are resistant to electric shocks. (rElec)
You are resistant to unholy torment.
You are immune to petrification.


   Skills:
 - Level 3.2 Fighting
 + Level 3.5 Axes
 - Level 1.5 Dodging
 - Level 5.4 Stealth


You had 2 spell levels left.
You didn't know any spells.
Your spell library was empty.

Inventory:

Hand Weapons
 Y - a +0 hand axe (weapon)
Armour
 b - a +0 leather armour (worn)
Wands
 g - a wand of digging (3)
Potions
 f - a potion of haste
 h - a potion of flight {unknown}

Dungeon Overview and Level Annotations

Branches:
Dungeon (5/15)
 Temple: D:4-7

Altars:


Message History

The howler monkey is moderately wounded.
The howler monkey hoots and howls with incredible vigour!
A gnoll comes into view. It is wielding a +0 whip.
The howler monkey hits you.
You hit the howler monkey.
The howler monkey is heavily wounded.
The howler monkey hits you.
You closely miss the howler monkey.
The howler monkey is heavily wounded.
The howler monkey misses you.
You hit the howler monkey.
The howler monkey is severely wounded.
The howler monkey misses you.
The howler monkey hoots and howls with incredible vigour!
You hear an angry hiss.
You hear a shout!
You hit the howler monkey.
You kill the howler monkey!
Your Axes skill increases to level 3!
You have reached level 3!
Your experience leads to an increase in your attributes!
Increase (S)trength, (I)ntelligence, or (D)exterity?
You feel stronger. x2
You hit the gnoll.
The gnoll is lightly wounded.
The gnoll hits you with a +0 flail.
You closely miss the gnoll.
The gnoll is lightly wounded.
A hobgoblin comes into view.
A hound comes into view.
231 ||| Stepping ~*~*~tactically~*~*~ (stealth).
You closely miss the gnoll. Your punch misses the gnoll.
The gnoll hits you with a +0 whip. x2
You slash the gnoll! You punch the gnoll, but do no damage.
The gnoll is heavily wounded.
The gnoll hits you with a +0 whip.
You hit the gnoll.
The gnoll is severely wounded.
The gnoll barely misses you.
You hit the gnoll.
The gnoll is severely wounded.
The gnoll hits you with a +0 whip.
You die...

#########
#########.......#
..........##.####
########..##.# #.....# #
#.###.#
.####h########.###.######
.....ggg@................
.<##..########.....######
#. ####.......### ..
.........)...# g.
##.#.##.###### ..
.#...##.###### #
.............#
...#.#...###.#
.#.#.....###'#


You could see a hound and 3 gnolls.

Vanquished Creatures
  A howler monkey (D:4)
  A dart slug (D:5)
  2 goblins (D:4)
  A hobgoblin (D:4)
5 creatures vanquished.

Notes
Turn   | Place    | Note
-------+----------+-------------------------------------------
     0 | D:5      | qw the Gargoyle Delver began the quest for the Orb.
     0 | D:5      | Reached XP level 1. HP: 14/14 MP: 1/1
     0 | D:5      | 0 ||| qw: Version: 0.1-a-116-g5d60599
     0 | D:5      | 0 ||| qw: Game counter: 9498
     0 | D:5      | 0 ||| qw: Always use a shield: true
     0 | D:5      | 0 ||| qw: God list: Okawaru
     0 | D:5      | 0 ||| qw: Allow faded altars: false
     0 | D:5      | 0 ||| qw: Do Orc after D:15 true
     0 | D:5      | 0 ||| qw: Do second Lair branch before Depths: true
     0 | D:5      | 0 ||| qw: Lair rune preference: random
     0 | D:5      | 0 ||| qw: Plans: Normal
     0 | D:5      | 0 ||| PLANNING D:1-11
    18 | D:5      | 18 ||| Stepping ~*~*~tactically~*~*~ (hiding).
    46 | D:5      | 46 ||| DROPPING scroll of fog.
    47 | D:5      | 47 ||| DROPPING scroll of magic mapping.
    48 | D:5      | 48 ||| DROPPING scroll of fear.
   152 | D:4      | Identified the +5 quarterstaff "Juethey" {holy, rC- rN++
                  | Will+ Int+4}
   180 | D:4      | Identified the +11 dagger of Ezxih {freeze, rF+ rCorr}
   206 | D:4      | 206 ||| READING scroll labelled QOIMO GOIKIGY.
   207 | D:4      | Noticed a howler monkey
   221 | D:4      | Reached XP level 2. HP: 16/19 MP: 2/2
   228 | D:4      | Killed a howler monkey
   229 | D:4      | Reached skill level 3 in Axes
   229 | D:4      | Reached XP level 3. HP: 16/23 MP: 3/3
   231 | D:4      | 231 ||| Stepping ~*~*~tactically~*~*~ (stealth).
   234 | D:4      | HP: 3/23 [gnoll/+0 whip (3)]
   236 | D:4      | Slain by a gnoll

Levels and vault maps discovered:
D:4:      layout_basic, minmay_misc_feat_hallway
D:5:      layout_gridville, lemuel_tele_altar, mainiacjoe_overflow_paths,
          uniq_crazy_yiuf_cottage, uniq_grinder, uniq_duvessa

Skill      XL: |  1  2 |
---------------+-------+-----
Axes           | 2 3 |  3.5
Fighting       | |  3.2
Dodging        | |  1.5
Stealth        | |  5.4

Action                   || total
-------------------------++-------
Melee: Hand axe          ||    28
       Punch             ||     1
  Use: Scroll            ||     1
Armor: Leather armour    ||     7
Dodge: Dodged            ||     9

Table legend:
 A = Non-vault XP
 B = Vault XP
 C = Vault XP percentage of total XP
 D = Non-vault monster count
 E = Vault monster count
 F = Vault count percentage of total count
                 A         B        C        D         E       F
            +---------+---------+-------+---------+---------+-------
      Total |      67 |       0 |   0.0 |       5 |       0 |   0.0
            +---------+---------+-------+---------+---------+-------
        D:4 |      63 |       0 |   0.0 |       4 |       0 |   0.0
        D:5 |       4 |       0 |   0.0 |       1 |       0 |   0.0
            +---------+---------+-------+---------+---------+-------
